 Dungeon Crawl Stone Soup version 0.17.0-28-g6e173f8 (webtiles) character file.

318 PossumBlood the Destroyer (level 6, -5/32 HPs)
             Began as a Deep Elf Conjurer on Nov 25, 2015.
             Slain by zigs's ghost (9 damage)
             ... on level 4 of the Dungeon.
             The game lasted 00:11:32 (3100 turns).

PossumBlood the Destroyer (Deep Elf Conjurer)       Turns: 3100, Time: 00:11:32

Health: -5/32      AC:  2    Str:  5      XL:     6   Next: 21%
Magic:  7/12       EV: 13    Int: 22      God:
Gold:   209        SH:  0    Dex: 14 (15) Spells: 2 memorised, 5 levels left

rFire  . . .     SeeInvis .     j - +1 short sword
rCold  . . .     Clarity  .     a - +0 robe
rNeg   . . .     SustAt   .     (no shield)
rPois  .         Gourm    .     (no helmet)
rElec  .         Spirit   .     (no cloak)
rCorr  .         Warding  .     (no gloves)
rMut   .         Stasis   .     (no boots)
MR     .....                    (no amulet)
Stlth  ++........               (no ring)
                                (no ring)

@: very slightly contaminated, not resistant to hostile enchantments, unstealthy
A: no striking features
a: no special abilities


You were on level 4 of the Dungeon.
You were hungry.

You visited 1 branch of the dungeon, and saw 4 of its levels.

You collected 209 gold pieces.

Inventory:

Hand Weapons
 d - a +0 dagger
 j - a +1 short sword (weapon)
Armour
 a - a +0 robe (worn)
Scrolls
 e - 2 scrolls of recharging
 g - 2 scrolls of amnesia
 k - 2 scrolls of teleportation
 l - a scroll of blinking
 m - a scroll of identify
Potions
 i - a potion of might
 n - a potion of curing {unknown}
Books
 b - a book of Conjurations

   Spells                             Type                      Level
   a - Magic Dart                     Conjuration                  1
   b - Searing Ray                    Conjuration                  2
   c - Dazzling Spray                 Conjuration/Hexes            3
   d - Fulminant Prism                Conjuration/Hexes            4
   e - Iskenderun's Mystic Blast      Conjuration                  4
   f - Iskenderun's Battlesphere      Conjuration/Charms           5
 h - a book of Fire

   Spells                             Type                      Level
   a - Ignite Poison                  Fire/Transmutation/Poison    3
   b - Fireball                       Conjuration/Fire             5
   c - Bolt of Fire                   Conjuration/Fire             6
   d - Delayed Fireball               Conjuration/Fire             7
   e - Ring of Flames                 Charms/Fire                  7
 q - a book of Spatial Translocations

   Spells                             Type                      Level
   a - Apportation                    Translocation                1
   b - Blink                          Translocation                2
   c - Shroud of Golubria             Charms/Translocation         2
   d - Portal Projectile              Translocation                3
   e - Teleport Other                 Translocation                3
   f - Passage of Golubria            Translocation                4
Comestibles
 c - 3 meat rations
 f - 2 beef jerkies
 o - a bread ration


   Skills:
 - Level 2.4 Dodging
 - Level 2.4 Stealth
 - Level 3.0 Spellcasting
 * Level 8.3 Conjurations


You had 5 spell levels left.
You knew the following spells:

 Your Spells              Type           Power        Failure   Level  Hunger
a - Magic Dart            Conj           ####         1%          1    None
b - Iskenderun's Battles  Conj/Chrm      ###.....     75%         5    ######.


Dungeon Overview and Level Annotations

Branches:
Dungeon (4/15)
 Temple: D:4-7

Altars:
Makhleb
Nemelex Xobeh
The Shining One

Annotations:
D:4 zigs's ghost, novice SpIE


Message History

Zigs's ghost is moderately damaged.
Zigs's ghost hits you.
Casting: Magic Dart
Confirm with . or Enter, or press ? or * to list all spells.
Aiming: Magic Dart
Press: ? - help, Shift-Dir - straight line, f/p - zigs's ghost
Aim: zigs's ghost (moderately damaged)
The magic dart hits zigs's ghost.
Zigs's ghost is moderately damaged.
Zigs's ghost hits you!
* * * LOW HITPOINT WARNING * * *
Drink which item? (? for menu, Esc to quit)
You can't drink that!
Read which item? (? for menu, Esc to quit)
Blink to where?
Press: ? - help, Dir - move target cursor, p - zigs's ghost
As you read the scroll of blinking, it crumbles to dust.
You see here a cursed +0 robe.
Zigs's ghost hits you!
You die...

#######
#.@...##
#W###..##
#[####..###
#..#
##...###
##.#
###...##
#.# #....#
### #.#
#....####..
#.##
##........#
#..##
####.##.#.


You could see zigs's ghost.

Vanquished Creatures
  An ogre (D:3)
  A crimson imp (D:2)
  A jelly (D:4)
  A worker ant (D:4)
  7 adders
  A gnoll (D:1)
  A worm (D:3)
  6 giant cockroaches
  6 goblins
  6 hobgoblins
  2 quokkas
  5 bats
  4 giant geckos (D:2)
  A giant newt (D:2)
  10 jackals
  A jackal skeleton (D:4)
  6 kobolds
  A quokka skeleton (D:4)
  8 rats
69 creatures vanquished.

Notes
Turn   | Place    | Note
--------------------------------------------------------------
     0 | D:1      | PossumBlood the Deep Elf Conjurer began the quest for the Orb.
     0 | D:1      | Reached XP level 1. HP: 10/10 MP: 6/6
   104 | D:1      | Reached skill level 5 in Conjurations
   104 | D:1      | Reached XP level 2. HP: 15/15 MP: 1/8
   702 | D:2      | Reached XP level 3. HP: 19/19 MP: 4/9
   703 | D:2      | Found a faded altar to an unknown god.
   826 | D:2      | Found a burning altar of Makhleb.
   836 | D:2      | Reached skill level 6 in Conjurations
   836 | D:2      | Reached XP level 4. HP: 22/24 MP: 0/10
  1300 | D:2      | Found a glowing golden altar of the Shining One.
  1647 | D:3      | Reached XP level 5. HP: 24/28 MP: 7/11
  1652 | D:3      | Reached skill level 7 in Conjurations
  1822 | D:3      | Learned a level 5 spell: Iskenderun's Battlesphere
  1857 | D:3      | Noticed an ogre
  1866 | D:3      | Killed an ogre
  2698 | D:4      | Reached skill level 8 in Conjurations
  2698 | D:4      | Reached XP level 6. HP: 32/32 MP: 6/12
  2857 | D:4      | Found a sparkling altar of Nemelex Xobeh.
  3083 | D:4      | Noticed zigs's ghost (novice SpIE)
  3100 | D:4      | Slain by zigs's ghost

Action                   |  1- 3 |  4- 6 || total
-------------------------+-------+-------++-------
Melee: Dagger            |       |    10 ||    10
 Cast: Magic Dart        |    55 |   116 ||   171
  Use: Scroll            |     4 |     7 ||    11
       Potion            |       |     2 ||     2
  Eat: Bread ration      |       |     1 ||     1
       Pizza             |       |     1 ||     1
